 Dungeon Sprint DCSS version 0.21-a0-59-g7b0e191 (webtiles) character file.

711 Kidiri the Cudgeler (level 7, -5/75 HPs)
             Began as a Troll Gladiator on June 16, 2017.
             Was a High Priest of Wu Jian.
             Slain by a komodo dragon (31 damage)
             ... in the Dungeon (Sprint VII: "The Pits").
             The game lasted 00:06:23 (732 turns).

Kidiri the Cudgeler (Troll Gladiator)                Turns: 732, Time: 00:06:23

Health: -5/75      AC: 12    Str: 25    XL:     7   Next: 40%
Magic:  6/6        EV: 12    Int:  4    God:    Wu Jian [*****.]
Gold:   0          SH:  0    Dex: 11    Spells: 6/6 levels left

rFire    . . .     SeeInvis .   a - +3 mace (protect)
rCold    . . .     Gourm    +   (no shield)
rNeg     . . .     Faith    .   b - +0 robe
rPois    .         Spirit   .   c - +0 hat
rElec    .         Reflect  .   (no cloak)
rCorr    .         Harm     .   (gloves unavailable)
MR       .....     NoTele   +   (boots unavailable)
Stlth    +++.......             (no amulet)
HPRegen  0.62/turn              (no ring)
MPRegen  0.10/turn              (no ring)

@: protection aura
A: unfitting armour, claws 3, fast metabolism 3, gourmand, regeneration 1,
shaggy fur 1, tough skin 2
a: Serpent's Lash, Heavenly Storm, Renounce Religion


You were in the Dungeon.
You worshipped Wu Jian.
Wu Jian was extremely pleased with you.
You were very full.

You visited 1 branch

Inventory:

Hand Weapons
 a - a +3 mace of protection (weapon)
Missiles
 d - a throwing net (quivered)
Armour
 b - a +0 robe (worn)
 c - a +0 hat (worn)
Scrolls
 k - a scroll of blinking
 m - 3 scrolls of remove curse
 n - 5 scrolls of amnesia
 o - a scroll of summoning
Potions
 e - 5 potions of curing
 g - 4 potions of heal wounds
 h - a potion of haste
 i - 4 potions of magic
 j - 2 potions of berserk rage
 l - 2 potions of invisibility
 r - a potion of lignification {unknown}
Comestibles
 f - 8 bread rations
 p - 29 fruits
 q - 7 meat rations


   Skills:
 * Level 6.1 Fighting
 * Level 7.3 Maces & Flails
 + Level 4.8 Throwing
 + Level 4.0 Armour
 * Level 6.7 Dodging
 * Level 4.5 Stealth


You had 6 spell levels left.
You didn't know any spells.

Dungeon Overview and Level Annotations

Branches:
Dungeon (1/1)

Altars:
Ashenzari
Cheibriados
Dithmenos
Elyvilon
Fedhas
Gozag
Hepliaklqana
Kikubaaqudgha
Makhleb
Nemelex Xobeh
Okawaru
Qazlal
Ru
Sif Muna
Trog
Uskayaw
Vehumet
Wu Jian
Xom
Yredelemnul
Zin
The Shining One
Beogh
Jiyva
Lugonu


Innate Abilities, Weirdness & Mutations

You are too large for most types of armour.
You have claws for hands.
Your metabolism is lightning-fast.
You like to eat raw meat.
Your natural rate of healing is unusually fast.
You are covered in fur. (AC +1)
You have very tough skin. (AC +2)


Message History

You sock the komodo dragon!
The komodo dragon is almost dead.
The komodo dragon barely misses you.
You attack the komodo dragon from above.
You barely miss the komodo dragon.
The komodo dragon is almost dead.
The komodo dragon barely misses you.
You attack the komodo dragon from above.
You hit the komodo dragon but do no damage.
The komodo dragon is almost dead.
The komodo dragon barely misses you.
You attack the komodo dragon from above.
You hit the komodo dragon.
The komodo dragon is almost dead.
The komodo dragon bites you!
You attack the komodo dragon from above.
You hit the komodo dragon but do no damage.
The komodo dragon is almost dead.
The komodo dragon bites you!!
You die...

#)##+#..#+###...<..
#)#..).....##......
#.#........##......
#(###########......
#.......# #######
#.###...# #.#.....#
#§#§..#.#+#
#§@§..#.#.+
#l§§###.#'#
#§......'.#
###########


You could see a komodo dragon.

Vanquished Creatures
  2 hungry ghosts (D)
  Duvessa (D)
  An ice beast (D)
  A gnoll sergeant (D)
  Dowan (D)
  An orc priest (D)
  An orc wizard (D)
  A worker ant (D)
  3 gnolls (D)
  3 ufetubi (D)
  2 orcs (D)
  A hobgoblin (D)
  8 jackals (D)
  2 quokkas (D)
  A bat (D)
  A frilled lizard (D)
30 creatures vanquished.

Notes
Turn   | Place    | Note
-------+----------+-------------------------------------------
     0 | D        | Kidiri the Troll Gladiator began the quest for the Orb.
     0 | D        | Reached XP level 1. HP: 19/19 MP: 0/0
    50 | D        | Found a bloodstained altar of Trog.
    50 | D        | Found a deep blue altar of Sif Muna.
    50 | D        | Found a viscous altar of Jiyva.
    50 | D        | Found a hazy altar of Hepliaklqana.
    50 | D        | Found an opulent altar of Gozag.
    51 | D        | Found a glowing golden altar of the Shining One.
    51 | D        | Found a glowing silver altar of Zin.
    51 | D        | Found a basalt altar of Yredelemnul.
    51 | D        | Found a shimmering altar of Xom.
    51 | D        | Found an ornate altar of the Wu Jian Council.
    51 | D        | Found a sacrificial altar of Ru.
    51 | D        | Found a stormy altar of Qazlal.
    51 | D        | Found an iron altar of Okawaru.
    51 | D        | Found a sparkling altar of Nemelex Xobeh.
    51 | D        | Found a burning altar of Makhleb.
    51 | D        | Found a blossoming altar of Fedhas.
    51 | D        | Found a white marble altar of Elyvilon.
    51 | D        | Found a shadowy altar of Dithmenos.
    51 | D        | Found a snail-covered altar of Cheibriados.
    53 | D        | Found a radiant altar of Vehumet.
    53 | D        | Found a corrupted altar of Lugonu.
    53 | D        | Found a roughly hewn altar of Beogh.
    54 | D        | Found a hide-covered altar of Uskayaw.
    54 | D        | Found an ancient bone altar of Kikubaaqudgha.
    54 | D        | Found a shattered altar of Ashenzari.
    60 | D        | Became a worshipper of the Wu Jian Council
    78 | D        | Reached skill level 3 in Maces & Flails
    90 | D        | Reached * piety under Wu Jian
    90 | D        | Reached skill level 1 in Stealth
    90 | D        | Reached XP level 2. HP: 25/28 MP: 1/1
   144 | D        | Reached ** piety under Wu Jian
   157 | D        | Reached *** piety under Wu Jian
   177 | D        | Reached **** piety under Wu Jian
   181 | D        | Reached skill level 4 in Maces & Flails
   181 | D        | Reached skill level 1 in Armour
   181 | D        | Reached XP level 3. HP: 29/36 MP: 2/2
   248 | D        | Noticed Dowan
   249 | D        | Noticed a hungry ghost
   260 | D        | Reached XP level 4. HP: 36/45 MP: 3/3
   263 | D        | Noticed a gnoll sergeant
   268 | D        | Noticed Duvessa
   289 | D        | Killed a hungry ghost
   289 | D        | Reached skill level 5 in Maces & Flails
   289 | D        | Reached skill level 5 in Dodging
   289 | D        | Reached XP level 5. HP: 36/55 MP: 4/4
   311 | D        | Reached XP level 6. HP: 26/63 MP: 5/5
   324 | D        | Reached ***** piety under Wu Jian
   328 | D        | Reached skill level 5 in Fighting
   328 | D        | Reached skill level 6 in Maces & Flails
   422 | D        | Killed Duvessa
   432 | D        | Killed Dowan
   451 | D        | Noticed an ice beast
   475 | D        | Killed an ice beast
   475 | D        | Reached XP level 7. HP: 27/74 MP: 6/6
   555 | D        | Noticed a hungry ghost
   582 | D        | Killed a hungry ghost
   582 | D        | Reached skill level 7 in Maces & Flails
   587 | D        | Noticed a komodo dragon
   732 | D        | Slain by a komodo dragon

Vault maps used:
D:        pitsprint

Skill      XL: |  1  2  3  4  5  6  7 |
---------------+----------------------+-----
Fighting       | 2 3 4 5 6 |  6.1
Maces & Flails | 3 4 5 6 7 |  7.3
Stealth        | 1 2 3 4 |  4.5
Throwing       | 2 3 4 |  4.8
Dodging        | 3 5 6 |  6.7
Armour         | 1 2 3 4 |  4.0

Action                   |  1- 3 |  4- 6 |  7- 9 || total
-------------------------+-------+-------+-------++-------
Melee: Mace              |    42 |    81 |    26 ||   149
       Flail             |     4 |       |       ||     4
Throw: Throwing net      |     1 |       |     2 ||     3
Invok: Serpent's Lash    |     1 |     3 |     2 ||     6
  Use: Potion            |     1 |     3 |       ||     4
 Stab: Sleeping          |       |     1 |     1 ||     2
       Held in net/web   |       |       |     1 ||     1
  Eat: Chunk             |     2 |     9 |     2 ||    13
       Bread ration      |       |     1 |       ||     1
       Fruit             |       |       |    11 ||    11
Armor: Robe              |    23 |    42 |     3 ||    68
Dodge: Dodged            |    37 |    41 |     9 ||    87
